 Dungeon Crawl Stone Soup version 0.23.2-30-g0e89c35649 (webtiles) character file.

Game seed: 720852105025936033

53 Folque the Gusty (level 3, 0/19 HPs)
             Began as a Tengu Air Elementalist on June 20, 2019.
             Slain by a hound (2 damage)
             ... on level 4 of the Dungeon.
             The game lasted 00:04:33 (1245 turns).

Folque the Gusty (Tengu Air Elementalist)           Turns: 1245, Time: 00:04:33

Health: 0/19       AC:  2    Str:  8    XL:     3   Next: 89%
Magic:  6/8        EV: 12    Int: 16    God:
Gold:   162        SH:  0    Dex: 14    Spells: 7/8 levels left

rFire    . . .     SeeInvis .   l - +2 dagger (drain)
rCold    . . .     Gourm    .   (no shield)
rNeg     . . .     Faith    .   a - +0 robe
rPois    .         Spirit   .   (helmet restricted)
rElec    .         Reflect  .   (no cloak)
rCorr    .         Harm     .   (no gloves)
MR       .....                  (boots unavailable)
Stlth    ++........             (no amulet)
HPRegen  0.06/turn              (no ring)
MPRegen  0.11/turn              (no ring)

@: about to teleport
A: beak, talons 3
a: no special abilities


You were on level 4 of the Dungeon.
You were not hungry.

You visited 1 branch of the dungeon, and saw 3 of its levels.

You collected 162 gold pieces.

Inventory:

Hand Weapons
 k - a +0 dagger
 l - a +2 dagger of draining (weapon)
Armour
 a - a +0 robe (worn)
 m - a +0 ring mail
Scrolls
 b - a scroll of remove curse {unknown}
 f - a scroll of immolation {unknown}
 j - a scroll of magic mapping {unknown}
Potions
 d - a potion of agility {unknown}
 h - a potion of haste {unknown}
 i - a potion of degeneration {unknown}
Comestibles
 c - 3 rations


   Skills:
 - Level 2.1 Dodging
 - Level 2.0 Stealth
 * Level 3.0 Spellcasting
 + Level 2.5 Conjurations
 + Level 4.6 Air Magic


You had 7 spell levels left.
You knew the following spells:

 Your Spells              Type           Power        Failure   Level  Hunger
a - Shock                 Conj/Air       ##..         4%          1    #......

Your spell library contained the following spells:

 Spells                   Type           Power        Failure   Level  Hunger
 Swiftness                Chrm/Air       #.......     11%         2    ##.....
 Static Discharge         Conj/Air       ##......     13%         3    ###....
 Airstrike                Air            ###.......   26%         4    #####..
 Lightning Bolt           Conj/Air       ##........   75%         5    ######.


Dungeon Overview and Level Annotations

Branches:
Dungeon (2/15)

Altars:


Innate Abilities, Weirdness & Mutations

You have a beak for a mouth.
You have claws for feet.


Message History

The zap hits the hound skeleton.
You destroy the hound skeleton!
Your Spellcasting skill increases to level 3!
The hound bites you. The hound barely misses you.
Casting: Shock (safe; 4% risk of failure)
Confirm with . or Enter, or press ? or * to list all spells.
Aiming: Shock (safe; 4% risk of failure)
Press: ? - help, Shift-Dir - straight line The zap hits the hound.
The hound is heavily wounded.
The zap hits the adder.
The adder is moderately wounded.
The zap misses the giant cockroach.
The zap hits the giant cockroach.
The giant cockroach is moderately wounded.
The hound bites you.
* * * LOW HITPOINT WARNING * * *
As you read the scroll of teleportation, it crumbles to dust.
You feel strangely unstable. The hound barely misses you. x2
The hound bites you.
You die...

#.#####.# #.#.....#
#.#.###.# . #.#.# #.#
..##########.#.###.######
............>#..........#
#.$.............###.##
.....######.######## #.#
..... #......sSh@.# #.#
..... ##.##.#####.# #.#
...#. .. #.# #.# #.#
####.#.####.#####.# #.#
#..............# #.#
#..............# #.#
#.#####.#####.####.##
...............#
###.#.#.#.#######


You could see a hound, an adder and a giant cockroach.

Vanquished Creatures
  A hound skeleton (D:4)
  2 gnolls (D:4)
  An orc (D:4)
  3 giant cockroaches
  A goblin (D:1)
  4 hobgoblins (D:1)
  3 bats (D:1)
  2 frilled lizards
  A kobold (D:1)
  4 rats (D:1)
22 creatures vanquished.

Vanquished Creatures (others)
  4 toadstools (D:1)
4 creatures vanquished.

Grand Total: 26 creatures vanquished

Notes
Turn   | Place    | Note
-------+----------+-------------------------------------------
     0 | D:1      | Folque the Tengu Air Elementalist began the quest for the
                  | Orb.
     0 | D:1      | Reached XP level 1. HP: 10/10 MP: 4/4
   312 | D:1      | Reached XP level 2. HP: 15/15 MP: 3/6
   824 | D:2      | Found a faded altar of an unknown god.
   834 | D:2      | You fall through a shaft for 2 floors!
   886 | D:4      | Reached XP level 3. HP: 14/19 MP: 1/8
  1245 | D:4      | Slain by a hound

Skill      XL: |  1  2  3 |
---------------+----------+-----
Conjurations   | 2 |  2.5
Spellcasting   | 3 |  3.0
Dodging        | |  2.1
Stealth        | |  2.0
Air Magic      | |  4.6

Action                   || total
-------------------------++-------
Melee: Unarmed           ||    14
       Kick              ||    10
       Peck              ||     6
       Dagger            ||    18
 Cast: Shock             ||    34
  Use: Scroll            ||     2
 Stab: Sleeping          ||     2
  Eat: Chunk             ||     1
Armor: Robe              ||     6
Dodge: Dodged            ||    33
